Map: Cerulean Fall LE

Players

Lambo - Winner!

  • Race: Zerg Zerg
  • League: Grandmaster
  • Spawn Location: 1:00

Ricus

  • Race: Terran Terran
  • League: Grandmaster
  • Spawn Location: 7:00

VOD

Have the link to the VOD?

Description

Time

  • Played on: Dec. 19, 2018, 12:16 p.m.
  • Length: 9:54
Show
View Real Time Build Order
Export as new Build Order

Lambo Zerg - Winner!

Build Orders: Hatch First 

Get SALT Encoding   

  12  0:01  Drone  
  13  0:13  Overlord  
  13  0:17  Drone  
  14  0:31  Drone x2  
  16  0:48  Hatchery  
  15  0:51  Drone  
  15  0:55  Drone  
  17  0:58  Drone  
  18  1:09  Extractor  
  17  1:13  Spawning Pool  
  17  1:16  Drone  
  17  1:20  Drone  
  18  1:28  Drone  
  19  1:41  Drone  
  20  1:51  Overlord  
  20  2:00  Queen x2, Zergling x2  
  20  2:01  Zergling x2  
  26  2:10  Metabolic Boost  
  26  2:11  Drone  
  26  2:12  Drone  
  28  2:28  Drone x2  
  30  2:33  Spore Crawler  
  29  2:39  Hatchery  
  29  2:44  Drone x2  
  31  2:47  Overlord  
  31  2:55  Queen  
  31  2:57  Drone  
  34  3:00  Drone  
  36  3:05  Drone  
  36  3:06  Drone x2  
  38  3:15  Drone x2  
  38  3:17  Overlord  
  40  3:21  Drone x2  
  42  3:27  Queen  
  44  3:36  Drone x2  
  46  3:41  Drone x2  
  48  3:49  Drone x2  
  48  3:50  Queen  
  48  3:51  Overlord  
  48  3:53  Zergling x6  
  55  4:00  Baneling Nest  
  55  4:02  Overlord  
  54  4:03  Drone  
  54  4:05  Drone  
  54  4:06  Queen  
  58  4:10  Overlord  
  58  4:12  Drone x2  
  58  4:14  Drone x2  
  62  4:17  Drone  
  62  4:19  Zergling x4  
  65  4:26  Spore Crawler, Drone  
  65  4:28  Spore Crawler, Drone  
  65  4:31  Queen  
  65  4:35  Drone x2  
  69  4:39  Drone x2  
  69  4:42  Overlord  
  69  4:44  Drone x3  
  74  4:49  Lair  
  74  4:50  Overlord  
  74  4:52  Extractor  
  73  4:54  Extractor, Drone x2  
  73  5:02  Overlord  
  73  5:06  Drone x2  
  73  5:07  Drone  
  76  5:13  Queen  
  78  5:18  Spore Crawler, Drone x4  
  79  5:26  Overlord  
  79  5:28  Zergling x14  
  86  5:38  Extractor  
  86  5:40  Zergling x8  
  89  5:48  Centrifical Hooks  
  89  5:49  Drone x2  
  92  5:50  Hatchery, Drone x4  
  92  5:51  Drone  
  92  5:52  Drone  
  92  5:54  Evolution Chamber  
  92  5:55  Evolution Chamber  
  94  5:58  Overlord  
  94  6:00  Overlord x2  
  94  6:05  Overlord  
  94  6:06  Zergling x4  
  94  6:07  Baneling x4  
  94  6:08  Baneling x3  
  96  6:15  Baneling x12  
  96  6:16  Zergling x2  
  96  6:18  Overlord  
  96  6:23  Overlord  
  95  6:26  Zergling x12  
  95  6:28  Baneling  
  95  6:31  Zerg Ground Armor Level 1  
  101  6:36  Zerg Melee Weapons Level 1  
  101  6:41  Zergling x8  
  105  6:50  Overseer  
  105  6:53  Zergling x16  
  112  6:58  Baneling x4  
  112  7:00  Zergling x12  
  112  7:01  Zergling x2  
  119  7:03  Zergling x4  
  119  7:08  Zergling x2  
  121  7:12  Zergling x4  
  117  7:22  Zergling x12  
  118  7:27  Overseer  
  118  7:28  Baneling x4  
  118  7:31  Extractor, Hydralisk Den  
  118  7:33  Zergling x18  
  121  7:44  Zergling x2  
  121  7:45  Zergling x6, Baneling  
  121  7:46  Baneling x2  
  115  7:59  Zergling x26  
  118  8:05  Zergling x2  
  118  8:06  Zergling x4  
  118  8:09  Drone  
  118  8:11  Grooved Spines  
  117  8:13  Drone x3  
  117  8:17  Drone x5  
  117  8:19  Baneling  
  123  8:21  Drone  
  123  8:26  Hydralisk x2  
  123  8:27  Hydralisk x2  
  121  8:32  Hydralisk x3  
  130  8:36  Hydralisk  
  130  8:39  Baneling x5  
  132  8:45  Zergling x18  
  132  8:46  Baneling x5  
  141  8:52  Zergling x6  
  140  9:05  Zergling x10  
  137  9:10  Zergling x10  
  137  9:15  Zergling x6  
  142  9:17  Zergling x2  
  142  9:20  Overseer  
  142  9:23  Overlord x2  
  143  9:24  Baneling x6  
  142  9:38  Baneling x6  
Show
View Real Time Build Order
Export as new Build Order

Ricus Terran 

Build Orders: Reaper Expand 

Get SALT Encoding   

  12  0:00  SCV  
  13  0:13  SCV  
  14  0:17  Supply Depot  
  14  0:25  SCV  
  15  0:39  SCV  
  15  0:40  Barracks  
  16  0:44  Refinery  
  16  0:51  SCV  
  17  1:03  SCV  
  18  1:15  SCV  
  19  1:27  Reaper, Orbital Command  
  20  1:42  Command Center  
  20  1:52  Supply Depot  
  20  1:54  SCV  
  21  1:59  Barracks Reactor  
  21  2:06  SCV  
  22  2:09  Refinery  
  22  2:18  SCV  
  22  2:22  Factory  
  23  2:30  SCV  
  23  2:36  Marine x2  
  26  2:42  SCV  
  27  2:54  SCV, Orbital Command  
  28  3:05  Barracks Tech Lab  
  28  3:06  SCV  
  28  3:07  Starport  
  29  3:14  Hellion  
  29  3:15  Hellion  
  29  3:18  SCV  
  34  3:20  SCV  
  34  3:22  Supply Depot  
  35  3:28  Marine, Stimpack  
  36  3:36  Hellion x2  
  36  3:38  SCV  
  36  3:40  SCV  
  42  3:44  Supply Depot  
  42  3:47  Marine  
  43  3:50  SCV  
  43  3:53  Viking  
  46  3:57  SCV  
  47  4:03  SCV  
  47  4:05  Marine  
  47  4:09  Factory Reactor, SCV  
  50  4:15  SCV  
  50  4:16  Barracks  
  51  4:17  Barracks  
  51  4:21  SCV  
  51  4:23  Marine  
  53  4:25  Starport Reactor  
  53  4:27  SCV, Supply Depot  
  54  4:34  SCV  
  55  4:39  SCV  
  55  4:41  Marine  
  55  4:42  Engineering Bay x2  
  57  4:46  SCV  
  57  4:49  Supply Depot  
  57  4:52  SCV  
  59  4:58  SCV  
  59  4:59  Marine  
  61  5:04  Marine x2, SCV, Medivac x2  
  61  5:05  Factory Reactor  
  68  5:09  Supply Depot  
  68  5:13  Supply Depot, Terran Infantry Weapons Level 1  
  68  5:17  Marine  
  68  5:18  Marine  
  68  5:19  Marine, Terran Infantry Armor Level 1  
  71  5:24  Marine, Refinery  
  71  5:26  Refinery  
  72  5:28  Marine  
  72  5:29  Combat Shield  
  73  5:36  Marine x2  
  73  5:37  Marine, SCV  
  73  5:42  Marine  
  78  5:47  Marine  
  78  5:48  Widow Mine x2  
  83  5:50  SCV, Medivac  
  83  5:52  SCV  
  83  5:54  Marine x2  
  83  5:55  Supply Depot  
  83  5:56  Supply Depot  
  89  6:01  Marine x2, Supply Depot  
  89  6:05  Marine  
  90  6:11  Marine  
  90  6:12  Marine  
  90  6:14  Widow Mine  
  90  6:17  Medivac  
  96  6:19  Marine  
  88  6:28  SCV  
  88  6:32  SCV  
  88  6:34  Command Center  
  88  6:37  Medivac  
  90  6:41  Marine x3  
  90  6:46  Marine  
  94  6:49  Marine, Armory  
  94  6:52  SCV  
  94  6:53  SCV  
  97  6:57  Supply Depot  
  97  6:58  Marine  
  98  7:06  SCV  
  93  7:13  Marine x2  
  94  7:17  Marine  
  94  7:18  Marine  
  94  7:20  Widow Mine x2, SCV, Medivac x2  
  94  7:21  SCV  
  94  7:22  Marine  
  100  7:31  Marine x2, Supply Depot  
  100  7:35  Marine  
  103  7:41  Widow Mine x2  
  103  7:43  Marine x2  
  107  7:47  Orbital Command  
  107  7:50  Medivac  
  109  7:56  Marine x2  
  109  7:57  Marine  
  112  8:00  Marine  
  112  8:01  Marine  
  112  8:02  Widow Mine  
  109  8:11  Widow Mine  
  109  8:13  Marine, SCV  
  109  8:14  Marine  
  109  8:15  Marine  
  109  8:17  SCV, Orbital Command  
  109  8:18  Marine x2  
  109  8:31  Marine x2  
  109  8:33  Marine  
  111  8:36  Marine  
  111  8:37  Marauder  
  111  8:39  Widow Mine  
  111  8:40  Barracks  
  111  8:41  Barracks, SCV x2  
  116  8:49  Marine  
  116  8:53  Bunker  
  116  8:54  SCV x2  
  116  8:55  Marine x2, SCV  
  122  9:06  SCV  
  122  9:07  SCV  
  119  9:12  Marine x2, Marauder  
  119  9:13  SCV  
  119  9:14  Widow Mine x2  
  124  9:19  SCV  
  125  9:28  SCV x2  
  125  9:33  Marine x2  
  125  9:35  SCV  
  124  9:40  Barracks Tech Lab, Barracks Reactor, Supply Depot  
  124  9:41  SCV, Supply Depot  
Tags
 
Add a new tag
Caveats
  • Supply blocks, unpowered buildings, or Contaminate may cause inaccurate times.
  • Supply counts are checked every 10 seconds.